 Dungeon Crawl Stone Soup version 0.30-a0-4-ga7cffc901d (webtiles) character file.

Game seed: 10396032756046097557

147 Spectrina the Magician (level 5, 0/37 HPs)
             Began as a Djinni Venom Mage on Aug 21, 2022.
             Slain by a jelly (2 damage)
             ... on level 4 of the Dungeon.
             The game lasted 00:09:20 (1083 turns).

Spectrina the Magician (Djinni Venom Mage)          Turns: 1083, Time: 00:09:21

Health: 0/37       AC: -2    Str: 12 (13) XL:     5   Next: 55%
Gold:   157        EV: 12    Int: 17 (18) God:
                   SH:  3    Dex: 12 (14)

rFire   + + +      SeeInvis .    b - +4 dagger (freeze)
rCold   x . .      Faith    .    i - +0 buckler
rNeg    . . .      Spirit   .    a - +0 robe
rPois   ∞          Reflect  .    (no helmet)
rElec   +          Harm     .    (no cloak)
rCorr   +          Rampage  .    (no gloves)
Will    .....                    (boots unavailable)
Stlth   ++........               (no amulet)
HPRegen 0.12/turn                e - +6 ring of strength
MPRegen 0.00/turn                d - ring of fire

@: resistant, corroded, flying
A: sickness immunity, fire resistance 2, cold vulnerability 1, float, innate
caster, HP casting, extra vitality 1
a: no special abilities


You were on level 4 of the Dungeon.
You visited 1 branch of the dungeon, and saw 4 of its levels.

You collected 157 gold pieces.

Inventory:

Hand Weapons
 b - a +4 dagger of freezing (weapon)
Missiles
 f - 2 throwing nets
Armour
 a - a +0 robe (worn)
 i - a +0 buckler (worn)
Jewellery
 c - a ring of positive energy
 d - a ring of fire (right hand)
 e - a +6 ring of strength (left hand)
Wands
 m - a wand of iceblast (13)
 s - a wand of charming (9)
Scrolls
 g - 2 scrolls of teleportation {unknown}
 h - 2 scrolls of magic mapping {unknown}
 j - a scroll of fear {unknown}
 k - a scroll of identify {unknown}
 n - a scroll of amnesia {unknown}
 r - a scroll of immolation {unknown}
Potions
 o - a potion of berserk rage {unknown}
 q - a potion of mutation {unknown}


   Skills:
 + Level 1.6 Fighting
 + Level 3.0 Dodging
 + Level 2.3 Stealth
 * Level 3.2 Spellcasting
 + Level 1.7 Invocations


You couldn't memorise any spells.
You knew the following spells:

 Your Spells              Type           Power      Damage    Failure   Level
a - Sting                 Tmut/Pois      52%        1d5       6%          1
d - Static Discharge      Conj/Air       13%        3-5/arc   9%          2
f - Necrotise             Necr           52%        1d6       6%          1
l - Mephitic Cloud        Conj/Pois/Air  13%        N/A       19%         3
q - Poisonous Vapours     Pois/Air       26%        N/A       9%          2
w - Olgreb's Toxic Radia  Pois           13%        N/A       52%         4
Your spell library was empty.

Dungeon Overview and Level Annotations

Branches:
Dungeon (4/15)
 Temple: D:4-7

Altars:
Dithmenos
Hepliaklqana

Annotations:
D:3 Sigmund
D:4 Dowan, Duvessa


Innate Abilities, Weirdness & Mutations

You are immune to sickness and miasma.
You are immune to poison.
Your flesh is very heat resistant. (rF++)
You are vulnerable to cold. (rC-)
You float through the air rather than walking.
You learn spells naturally, not from books.
Your magical power is your life essence.
You have superior vitality. (+4 MHP)


Message History

a +0 club; a +0 chain mail; the goblin corpse of Ijyb You see here a +0 dagger of venom.
A jelly comes into view.
Found 11 gold pieces.
The jelly quivers.
Unknown command.
Aiming: Necrotise (safe; 5% risk of failure)
Press: ? - help, Q - select action, (/) - cycle Shift-Dir - straight line, f - jelly
Aim: a jelly (chance to affect: 78%)
The jelly writhes in agony.
* * * LOW HITPOINT WARNING * * *
Unknown command.
Aiming: Necrotise (safe; 5% risk of failure)
Press: ? - help, Q - select action, (/) - cycle Shift-Dir - straight line, f/p - jelly
Aim: a jelly (lightly wounded, chance to affect: 78%)
The jelly writhes in agony.
* * * LOW HITPOINT WARNING * * *
Aiming: Necrotise (safe; 5% risk of failure)
Press: ? - help, Q - select action, (/) - cycle Shift-Dir - straight line, f/p - jelly
Aim: a jelly (moderately wounded, chance to affect: 78%)
The jelly writhes in agony.
* * * LOW HITPOINT WARNING * * *
Unknown command.
Unknown command.
Unknown command.
It was a potion of resistance.
You feel protected.
You hit the jelly. You freeze the jelly.
Your hands burn!
* * * LOW HITPOINT WARNING * * *
The jelly is heavily wounded.
The jelly hits you.
* * * LOW HITPOINT WARNING * * *
The acid corrodes you!
You are splashed with acid.
You resist.
* * * LOW HITPOINT WARNING * * *
Unknown command.
It was a potion of degeneration.
There was something very wrong with that liquid.
You feel weakened.
You feel dopey.
You feel clumsy. The jelly hits you.
You die...

#.#####)........
#.....)).#.###^
#.####.### .# ##.## #.#
. ###...###.# #..
##...P.....# ...#
####........###.....
###......._..###......
#......#.....J@.......
##..##.###..P.####......
#. ##..# ##...# ..... ..
#..######..# .... e.
#.## #.....# ... ..##.#
#.###.# .. .e#..# #.#
#.# . ....## ##.# #.#
..### #..# #.#


You could see a jelly.

Vanquished Creatures
  A hound (D:2)
  Ijyb (D:4)
  An orc wizard (D:4)
  An adder (D:2)
  2 dart slugs
  3 orcs (D:4)
  A ball python (D:2)
  3 bats
  6 endoplasms
  3 giant cockroaches
  6 goblins
  3 hobgoblins
  4 jackals (D:1)
  3 frilled lizards
  6 kobolds
  A rat (D:3)
45 creatures vanquished.

Vanquished Creatures (collateral kills)
  A worm (D:2)
1 creature vanquished.

Vanquished Creatures (others)
  2 plants (D:4)
2 creatures vanquished.

Grand Total: 48 creatures vanquished

Notes
Turn   | Place    | Note
-------+----------+-------------------------------------------
     0 | D:1      | Spectrina the Djinni Venom Mage began the quest for the
                  | Orb.
     0 | D:1      | Spectrina set off with the following spells memorised:
                  | Sting, Poisonous Vapours, Mephitic Cloud, Olgreb's Toxic
                  | Radiance.
     0 | D:1      | Reached XP level 1. HP: 15/15 MP: 0/0
    51 | D:1      | Reached XP level 2. HP: 14/21 MP: 0/0
   118 | D:2      | Reached skill level 1 in Invocations
   118 | D:2      | Reached XP level 3. HP: 16/26 MP: 0/0
   118 | D:2      | Learned a level 1 spell: Necrotise
   171 | D:2      | Reached skill level 1 in Fighting
   178 | D:2      | Reached XP level 4. HP: 10/32 MP: 0/0
   459 | D:3      | Noticed Sigmund
   776 | D:1      | You are sucked into a shaft and drop 1 floor!
   882 | D:3      | Found a hazy altar of Hepliaklqana.
   921 | D:3      | Noticed an ice beast
   968 | D:4      | Reached XP level 5. HP: 16/37 MP: 0/0
   968 | D:4      | Learned a level 2 spell: Static Discharge
   978 | D:4      | Found a shadowy altar of Dithmenos.
   996 | D:4      | Noticed Duvessa
   996 | D:4      | Noticed Dowan
  1022 | D:4      | Noticed Ijyb
  1044 | D:4      | Killed Ijyb
  1083 | D:4      | Slain by a jelly

Illustrated notes

Levels and vault maps discovered:
D:1:      pf_arrival_petrified_forest, layout_loops_ring,
          chequers_ecumenical_altar_simple_redux
D:2:      layout_loops_ring
D:3:      layout_rooms, mainiacjoe_overflow_small_starburst, uniq_sigmund
D:4:      layout_rooms, mainiacjoe_overflow_tiny_flanked, tso_oasis_becter,
          nicolae_overflow_two_pavilions, chequers_big_river,
          hangedman_decor_points, uniq_duvessa, uniq_ijyb, uniq_menkaure

Skill      XL: |  1  2  3  4  5 |
---------------+----------------+-----
Stealth        | 2 |  2.3
Invocations    | 1 |  1.7
Fighting       | 1 |  1.6
Spellcasting   | 3 |  3.2
Dodging        | 3 |  3.0

Action                   |  1- 3 |  4- 6 || total
-------------------------+-------+-------++-------
Melee: Dagger            |    16 |    27 ||    43
 Cast: Sting             |     9 |     9 ||    18
       Necrotise         |    11 |    25 ||    36
       Poisonous Vapours |     1 |     4 ||     5
       Olgreb's Toxic Ra |       |     1 ||     1
       Static Discharge  |       |     1 ||     1
  Use: Potion            |       |     2 ||     2
 Stab: Sleeping          |       |     3 ||     3
Armor: Robe              |     3 |     2 ||     5
Dodge: Dodged            |    10 |    14 ||    24
Block: Buckler           |     1 |     3 ||     4

Table legend: (Time is in decaauts)
 A = Elapsed time spent in this place.
 B = Non-inter-level travel time spent in this place.
 C = Inter-level travel time spent in this place.
 D = Time resting spent in this place.
 E = Time spent auto-exploring this place.
 F = Levels seen in this place.
 G = Mean time per level.
                   A        B        C        D        E       F      G
               +--------+--------+--------+--------+--------+-----+--------+
         Total |   1081 |   1041 |     40 |      0 |      0 |   4 |  270.2 |
       Dungeon |   1081 |   1041 |     40 |      0 |      0 |   4 |  270.2 |
               +--------+--------+--------+--------+--------+-----+--------+

Top non-repeatable levels by time:
     D:2: 657 daAuts
     D:1: 175 daAuts
     D:4: 132 daAuts
     D:3: 116 daAuts
